 Dungeon Crawl Stone Soup version 0.23-a0-767-gdc19b93d68 (webtiles) character file.

35 Kohma the Grave Robber (level 3, -3/26 HPs)
             Began as a Demonspawn Necromancer on Jan 28, 2019.
             Slain by a gnoll
             ... wielding a +0 flail
              (5 damage)
             ... on level 1 of the Dungeon.
             The game lasted 00:06:15 (1405 turns).

Kohma the Grave Robber (Demonspawn Necromancer)     Turns: 1405, Time: 00:06:16

Health: -3/26      AC:  4    Str:  9    XL:     3   Next: 16%
Magic:  0/6        EV: 14    Int: 16    God:
Gold:   84         SH:  0    Dex: 13    Spells: 4/6 levels left

rFire    . . .     SeeInvis .   d - +0 spear
rCold    . . .     Gourm    .   (no shield)
rNeg     . . .     Faith    .   a - +0 robe
rPois    .         Spirit   +   (no helmet)
rElec    .         Reflect  .   g - +0 cloak
rCorr    .         Harm     .   (no gloves)
MR       .....                  o - +0 pair of boots
Stlth    ++........             (no amulet)
HPRegen  0.08/turn              (no ring)
MPRegen  0.10/turn              (no ring)

@: very slightly contaminated
A: repulsion field 1, magic shield
a: no special abilities


You were on level 1 of the Dungeon.
You were near starving.

You visited 1 branch of the dungeon, and saw 2 of its levels.

You collected 84 gold pieces.

Inventory:

Hand Weapons
 d - a +0 spear (weapon)
Missiles
 b - 77 stones (quivered)
 j - 37 arrows
Armour
 a - a +0 robe (worn)
 g - a +0 cloak (worn)
 o - a +0 pair of boots (worn)
 p - a +0 ring mail
Scrolls
 h - 2 scrolls of enchant armour {unknown}
 i - a scroll of blinking {unknown}
 n - 2 scrolls of immolation {unknown}
Potions
 e - a potion of haste {unknown}
 f - 2 potions of degeneration {unknown}
 k - a potion of berserk rage {unknown}
 l - a potion of agility {unknown}
 m - a potion of curing {unknown}
Comestibles
 c - 2 rations


   Skills:
 + Level 1.1 Fighting
 - Level 1.7 Dodging
 - Level 1.7 Stealth
 + Level 2.3 Spellcasting
 * Level 5.1 Necromancy


You had 4 spell levels left.
You knew the following spells:

 Your Spells              Type           Power        Failure   Level  Hunger
a - Pain                  Necr           ###.         2%          1    #......
b - Animate Skeleton      Necr           N/A          2%          1    #......

Your spell library contained the following spells:

 Spells                   Type           Power        Failure   Level  Hunger
 Vampiric Draining        Necr           ###.......   8%          3    ###....
 Regeneration             Chrm/Necr      ##........   22%         3    ###....
 Animate Dead             Necr           N/A          24%         4    #####..


Dungeon Overview and Level Annotations

Branches:
Dungeon (2/15)

Altars:


Innate Abilities, Weirdness & Mutations

You are surrounded by a mild repulsion field. (EV +2)
When hurt, damage is shared between your health and your magic reserves.


Message History

You are too injured to fight recklessly!
You are too injured to fight recklessly!
You barely miss the gnoll.
The gnoll is heavily wounded.
The gnoll misses you.
You completely miss the gnoll.
The gnoll is heavily wounded.
The gnoll misses you.
You barely miss the gnoll.
The gnoll is heavily wounded.
The gnoll hits you with a +0 flail.
* * * LOW HITPOINT WARNING * * *
You hit the gnoll.
The gnoll is severely wounded.
The gnoll hits you with a +0 flail.
* * * LOW HITPOINT WARNING * * *
You barely miss the gnoll.
The gnoll is severely wounded.
The gnoll hits you with a +0 flail.
You die...

...##........#.#.##########......
...##........#....# #..........##
#.#######+#Z#####.###.#####.##.#
#'#######...#..#.........#...#.#
............#...#####.#..#.#.#.#
...#####....#.......#.##.#.#.#.#
...# #....#.>..........#+#'#+##
...# #(.#.'...g##.#.##.........
...# #..###...@##.#.##.........
...#####..#.'....##.#..+.........
....>.....#.#....##'####.........
....#####.#.##'#.....g.'.........
....#.###.####.#.....###.........
....#.....ZZ...#....># #.........
###.#.###.######.....# ##...##'##
# #.#Z# #.# #.....####...##.##
###.#Z###+######............##...


You could see a gnoll.

Vanquished Creatures
  A gnoll (D:2)
  4 goblins (D:1)
  A ball python (D:1)
  4 bats
  2 frilled lizards (D:1)
  3 kobolds (D:1)
  7 rats (D:1)
22 creatures vanquished.

Vanquished Creatures (collateral kills)
  2 hobgoblins (D:1)
  3 bats (D:1)
  2 frilled lizards (D:1)
  A rat (D:1)
8 creatures vanquished.

Grand Total: 30 creatures vanquished

Notes
Turn   | Place    | Note
-------+----------+-------------------------------------------
     0 | D:1      | Kohma the Demonspawn Necromancer began the quest for the
                  | Orb.
     0 | D:1      | Reached XP level 1. HP: 13/13 MP: 3/3
   264 | D:1      | Learned a level 1 spell: Animate Skeleton
   459 | D:1      | Gained mutation: You are surrounded by a mild repulsion
                  | field. (EV +2) [demonic ancestry]
   459 | D:1      | Reached XP level 2. HP: 20/20 MP: 5/5
  1072 | D:2      | Reached skill level 1 in Fighting
  1072 | D:2      | Reached skill level 5 in Necromancy
  1081 | D:2      | Gained mutation: When hurt, damage is shared between your
                  | health and your magic reserves. [demonic ancestry]
  1081 | D:2      | Reached XP level 3. HP: 16/26 MP: 1/6
  1405 | D:1      | Slain by a gnoll

Vault maps used:
D:1:      minmay_arrival_shattered_statue, minmay_rat_gold_closets
D:2:      uniq_jessica

Skill      XL: |  1  2 |
---------------+-------+-----
Fighting       | 1 |  1.1
Necromancy     | 5 |  5.1
Dodging        | |  1.7
Stealth        | |  1.7
Spellcasting   | |  2.3

Action                   || total
-------------------------++-------
Melee: Spear             ||    68
 Cast: Animate Skeleton  ||    10
       Pain              ||    13
 Stab: Sleeping          ||     5
Armor: Robe              ||    14
Dodge: Dodged            ||    73

Table legend:
 A = Non-vault XP
 B = Vault XP
 C = Vault XP percentage of total XP
 D = Non-vault monster count
 E = Vault monster count
 F = Vault count percentage of total count
                 A         B        C        D         E       F
            +---------+---------+-------+---------+---------+-------
      Total |      43 |       7 |  14.0 |      23 |       7 |  23.3
            +---------+---------+-------+---------+---------+-------
        D:1 |      27 |       7 |  20.6 |      21 |       7 |  25.0
        D:2 |      16 |       0 |   0.0 |       2 |       0 |   0.0
            +---------+---------+-------+---------+---------+-------
